 Dungeon Crawl Stone Soup version 0.28.0-45-g0d030f2227 (webtiles) character file.

Game seed: 11219822170461776638

1051 Icepheonix32 the Shield-Bearer (level 8, -1/58 (60) HPs)
             Began as a Demonspawn Fighter on Apr 7, 2022.
             Was a Believer of Okawaru.
             Slain by an iguana (6 damage)
             ... on level 5 of the Dungeon.
             The game lasted 00:08:39 (6820 turns).

Icepheonix32 the Shield-Bearer (Demonspawn Fighter) Turns: 6820, Time: 00:08:39

HP:   -1/58 (60)    AC:  9    Str: 18    XL:     8   Next: 5%
MP:   10/10         EV:  6    Int: 10    God:    Okawaru [**....]
Gold: 273           SH: 22    Dex: 13    Spells: 7/7 levels left

rFire   + . .      SeeInvis .   a - +0 long sword
rCold   + . .      Faith    +   e - +2 tower shield
rNeg    + . .      Spirit   .   b - +0 scale mail
rPois   +          Reflect  .   (no helmet)
rElec   +          Harm     .   y - +0 cloak
rCorr   +          Rampage  .   (no gloves)
Will    .....                   v - +0 pair of boots
Stlth   ..........              g - amulet of faith
HPRegen 0.19/turn               q - ring of poison resistance
MPRegen 0.12/turn               r - ring of positive energy

@: resistant, flying, lightly drained
A: large bone plates 2, foul stench 1
a: Renounce Religion, Heroism


You were on level 5 of the Dungeon.
You worshipped Okawaru.
Okawaru was pleased with you.
You visited 1 branch of the dungeon, and saw 5 of its levels.

You collected 273 gold pieces.

Inventory:

Hand Weapons
 a - a +0 long sword (weapon)
Missiles
 l - 8 poisoned darts (quivered)
 s - 3 boomerangs
Armour
 b - a +0 scale mail (worn)
 c - a +0 buckler
 e - a +2 tower shield (worn)
 v - a +0 pair of boots (worn)
 y - a +0 cloak (worn)
Magical Staves
 o - a staff of conjuration
Jewellery
 g - an amulet of faith (around neck)
 q - a ring of poison resistance (left hand)
 r - a ring of positive energy (right hand)
Wands
 x - a wand of iceblast (12)
Scrolls
 d - a scroll of amnesia {unknown}
 f - 3 scrolls of teleportation {unknown}
 h - a scroll of acquirement {unknown}
 i - a scroll of immolation {unknown}
 j - 2 scrolls of fog {unknown}
 k - a scroll of fear {unknown}
 m - 4 scrolls of identify {unknown}
 p - 2 scrolls of brand weapon {unknown}
Potions
 t - a potion of flight


   Skills:
 + Level 4.3 Fighting
 + Level 3.1 Long Blades
 + Level 0.2 Throwing
 + Level 4.2 Armour
 + Level 2.0 Dodging
 + Level 0.5 Stealth
 * Level 6.2 Shields
 * Level 3.9 Invocations


You had 7 spell levels left.
You didn't know any spells.
Your spell library contained the following spells:

 Spells                   Type           Power      Damage    Failure   Level
 Foxfire                  Conj/Fire      0%         2x1d4     100%        1
 Conjure Flame            Conj/Fire      0%         6-21      100%        3
 Inner Flame              Hex/Fire       0%         N/A       100%        3
 Anguish                  Hex/Necr       0%         N/A       100%        4
 Flame Wave               Conj/Fire      0%         2d4       100%        4
 Enfeeble                 Hex            0%         N/A       100%        7
 Tukima's Dance           Hex            Unusable   N/A       N/A         3

Dungeon Overview and Level Annotations

Branches:
Dungeon (5/15)             Temple (0/1) D:4

Altars:
Cheibriados
Dithmenos
Okawaru
Ru
Uskayaw
Wu Jian
Xom
Yredelemnul
Zin
The Shining One

Shops:
D:2 :


Innate Abilities, Weirdness & Mutations

You are mostly covered in large bone plates. (SH +6)
You may rarely emit foul miasma when damaged in melee.


Message History

You hit the iguana but do no damage. You block the iguana's attack.
You barely miss the iguana. You block the iguana's attack. x2
You hit the iguana.
The iguana is lightly wounded.
You block the iguana's attack. The iguana bites you!
* * * LOW HITPOINT WARNING * * *
You barely miss the iguana.
The iguana is lightly wounded.
You block the iguana's attack.
You slash the iguana!
The iguana is severely wounded.
The iguana barely misses you. You block the iguana's attack.
You barely miss the iguana.
The iguana is heavily wounded.
You block the iguana's attack.
It was a potion of flight.
You feel very buoyant.
You fly up into the air.
The iguana bites you!
* * * LOW HITPOINT WARNING * * *
Unknown command.
It was a potion of resistance.
You feel protected. You block the iguana's attack.
You block the iguana's attack.
Throw: throwing net
Press: ? - help, Q - select action, (/) - cycle Shift-Dir - straight line, f - iguana
Aim: an iguana (heavily wounded, 63% to hit)
You throw a throwing net. The throwing net hits the iguana.
The iguana is caught in the net!
The iguana is heavily wounded.
The iguana struggles against the net. x2
The iguana struggles against the net.
You hit the iguana.
The iguana is severely wounded.
The iguana struggles against the net.
The net rips apart, and the iguana comes free!
You closely miss the iguana.
The iguana is severely wounded.
You block the iguana's attack. The iguana bites you.
You die...

#### ...## ### ### ### # ....##
##.###.###.### .....##
###............. ......###
#...##.###.###.#
........##########.#.#...........
#.....#.........@l.#...##.###.##.
.....######.#####.##.#.#.......#.
....## #.# #....#...##.##...
...## #.# ####†#.#.#...#.#. #..#
#.# #...#...#...#. ..##
#.########.#.#.#...#.#. ..#
#.#........#...##.##... #.#
#........#.#.#.......#. ..#
###.######...##.###.##.


You could see an iguana.

Vanquished Creatures
  A water moccasin (D:5)
  A black bear (D:5)
  2 necrophages (D:5)
  A centaur (D:5)
  A scorpion (D:5)
  A bullfrog skeleton (D:4)
  A centaur skeleton (D:5)
  A hound (D:4)
  An orc priest (D:3)
  2 gnoll shamans (D:4)
  Terence (D:2)
  A killer bee zombie (D:5)
  A hound zombie (D:5)
  15 gnolls
  6 adders
  A white imp (D:5)
  3 worms
  12 dart slugs
  4 orcs (D:3)
  9 bats
  4 endoplasms
  5 giant cockroaches
  6 goblins
  8 hobgoblins
  3 jackals (D:1)
  A quokka (D:3)
  7 ball pythons
  A frilled lizard (D:2)
  4 kobolds
  A quokka skeleton (D:4)
  7 rats
112 creatures vanquished.

Vanquished Creatures (others)
  9 plants (D:4)
9 creatures vanquished.

Grand Total: 121 creatures vanquished

Notes
Turn   | Place    | Note
-------+----------+-------------------------------------------
     0 | D:1      | Icepheonix32 the Demonspawn Fighter began the quest for the
                  | Orb.
     0 | D:1      | Reached XP level 1. HP: 18/18 MP: 1/1
   367 | D:1      | Gained mutation: You are partially covered in large bone
                  | plates. (SH +4) [demonic ancestry]
   367 | D:1      | Reached XP level 2. HP: 20/24 MP: 2/2
   579 | D:1      | Found a faded altar of an unknown god.
  1074 | D:2      | Gained mutation: You may rarely emit foul miasma when
                  | damaged in melee. [demonic ancestry]
  1074 | D:2      | Reached XP level 3. HP: 22/29 MP: 3/3
  1264 | D:2      | Noticed Terence
  1283 | D:2      | Killed Terence
  1284 | D:2      | Reached skill level 3 in Shields
  1558 | D:2      | Reached XP level 4. HP: 27/35 MP: 4/4
  2113 | D:2      | Found Warae's Book Boutique.
  2677 | D:3      | Reached skill level 4 in Shields
  2684 | D:3      | Reached XP level 5. HP: 11/41 MP: 5/5
  3069 | D:3      | Reached skill level 1 in Dodging
  3184 | D:3      | Found an ornate altar of the Wu Jian Council.
  3186 | D:3      | Found a shimmering altar of Xom.
  3186 | D:3      | Found an iron altar of Okawaru.
  3187 | D:3      | Found a basalt altar of Yredelemnul.
  3188 | D:3      | Found a hide-covered altar of Uskayaw.
  3190 | D:3      | Found a snail-covered altar of Cheibriados.
  3191 | D:3      | Found a shadowy altar of Dithmenos.
  3195 | D:3      | Became a worshipper of Warmaster Okawaru
  3680 | D:4      | Reached skill level 1 in Invocations
  3856 | D:3      | Gained mutation: You are mostly covered in large bone
                  | plates. (SH +6) [demonic ancestry]
  3856 | D:3      | Reached XP level 6. HP: 6/48 MP: 6/6
  4864 | D:4      | Reached skill level 5 in Shields
  5065 | D:4      | Found a staircase to the Ecumenical Temple.
  5168 | D:4      | Found a sacrificial altar of Ru.
  5212 | D:4      | Reached * piety under Okawaru
  5448 | D:5      | Entered Level 5 of the Dungeon
  5830 | D:5      | Noticed a water moccasin
  5843 | D:5      | Killed a water moccasin
  5844 | D:5      | Reached XP level 7. HP: 20/54 MP: 8/8
  6309 | D:5      | Reached ** piety under Okawaru
  6601 | D:5      | Reached skill level 6 in Shields
  6799 | D:5      | Reached XP level 8. HP: 18/58 MP: 10/10
  6807 | D:5      | HP: 2/58 [iguana (9)]
  6820 | D:5      | Slain by an iguana

Illustrated notes

Levels and vault maps discovered:
D:1:      lemuel_arrival_muddy, layout_loops_ring,
          dreamdust_ecumenical_altar_grove, kennysheep_minor_cross
D:2:      minmay_recursive_quarters, layout_loops_ring, serial_shops, shop,
          hangedman_abyss_or_decor_stabs, minmay_hedge_maze,
          hangedman_decor_slide_cut, due_unseen_surprise, uniq_terence
D:3:      layout_rooms, minitemple
D:4:      layout_cave_pods, amcnicky_altar_gilded,
          minmay_temple_entry_enclosed_plants
D:5:      kennysheep_slugbush, layout_loops_ring,
          nicolae_concentric_dashed_squares_mild, serial_park_tiny_1,
          kennysheep_nub, minmay_between

Skill      XL: |  1  2  3  4  5  6  7 |
---------------+----------------------+-----
Long Blades    | 2 3 |  3.1
Armour         | 3 4 |  4.2
Shields        | 3 4 5 6 |  6.2
Dodging        | 1 2 |  2.0
Invocations    | 1 2 3 |  3.9
Fighting       | 4 |  4.3
Throwing       | |  0.2
Stealth        | |  0.5

Action                   |  1- 3 |  4- 6 |  7- 9 || total
-------------------------+-------+-------+-------++-------
Melee: Long sword        |    84 |   284 |    94 ||   462
Throw: Dart              |     1 |     3 |     4 ||     8
       Throwing net      |       |       |     1 ||     1
  Use: Potion            |     1 |     5 |     3 ||     9
Armor: Scale mail        |    34 |   100 |    46 ||   180
Dodge: Dodged            |    39 |   106 |    15 ||   160
Block: Buckler           |    36 |    82 |       ||   118
       Tower shield      |       |   256 |   152 ||   408
